 Dungeon Crawl Stone Soup version 0.21.1-1-g345015f (webtiles) character file.

142 tidbits the Ducker (level 5, -5/47 HPs)
             Began as a Gnoll Monk on Feb 14, 2018.
             Was a Believer of Cheibriados.
             Slain by an orc
             ... wielding a +0 flail
              (7 damage)
             ... on level 5 of the Dungeon.
             The game lasted 00:04:38 (505 turns).

tidbits the Ducker (Gnoll Monk)                      Turns: 505, Time: 00:04:39

Health: -5/47      AC:  2    Str: 18    XL:     5   Next: 25%
Magic:  2/7        EV: 17    Int: 17    God:    Cheibriados [**....]
Gold:   103        SH:  0    Dex: 21    Spells: 6/6 levels left

rFire    . . .     SeeInvis .   a - +2 dagger (venom)
rCold    . . .     Gourm    .   (no shield)
rNeg     . . .     Faith    .   b - +0 robe
rPois    .         Spirit   .   (no helmet)
rElec    .         Reflect  .   (no cloak)
rCorr    .         Harm     .   (no gloves)
MR       .....                  (no boots)
Stlth    ++++......             (no amulet)
HPRegen  0.15/turn              f - ring of stealth
MPRegen  0.10/turn              W - ring of wizardry

@: very slow
A: distributed training, fangs 1, strong nose
a: Bend Time, Renounce Religion


You were on level 5 of the Dungeon.
You worshipped Cheibriados.
Cheibriados was pleased with you.
You were full.

You visited 2 branches of the dungeon, and saw 6 of its levels.

You collected 103 gold pieces.

Inventory:

Hand Weapons
 a - a +2 dagger of venom (weapon)
   (You found it on level 2 of the Dungeon)
 d - a +0 dagger
 h - a +0 short sword
 j - a +0 flail
Missiles
 k - 15 arrows
Armour
 b - a +0 robe (worn)
Jewellery
 f - a ring of stealth (left hand)
   (You found it on level 2 of the Dungeon)
 W - a ring of wizardry (right hand)
   (You found it on level 5 of the Dungeon)
Wands
 g - a wand of flame (26)
Scrolls
 i - a scroll of fog {unknown}
Potions
 e - a potion of agility
Comestibles
 c - 3 rations


   Skills:
 + Level 6.6 Fighting
 + Level 6.6 Short Blades
 + Level 1.4 Long Blades
 + Level 1.4 Axes
 + Level 1.4 Maces & Flails
 + Level 1.4 Polearms
 + Level 1.4 Staves
 + Level 1.4 Slings
 + Level 1.4 Bows
 + Level 1.4 Crossbows
 + Level 1.4 Throwing
 + Level 1.4 Armour
 + Level 6.6 Dodging
 + Level 4.3 Stealth
 + Level 1.4 Shields
 + Level 1.4 Unarmed Combat
 + Level 1.4 Spellcasting
 + Level 1.1 Conjurations
 + Level 1.1 Hexes
 + Level 1.1 Charms
 + Level 1.1 Summonings
 + Level 1.1 Necromancy
 + Level 1.1 Translocations
 + Level 1.1 Transmutations
 + Level 1.1 Fire Magic
 + Level 1.1 Ice Magic
 + Level 1.1 Air Magic
 + Level 1.1 Earth Magic
 + Level 1.1 Poison Magic
 + Level 1.5 Invocations
 + Level 1.4 Evocations


You had 6 spell levels left.
You didn't know any spells.

Dungeon Overview and Level Annotations

Branches:
Dungeon (5/15)             Temple (1/1) D:4

Altars:
Cheibriados
Okawaru
Uskayaw
Zin
Lugonu

Annotations:
D:4 Quirk's ghost, novice GnFi


Innate Abilities, Weirdness & Mutations

Your experience applies equally to all skills.
You have very sharp teeth.
Your uncanny sense of smell can sniff out nearby items.


Message History

You see here an encrusted agate ring.
i - an encrusted agate ring Put on which piece of jewellery? (? for menu, Esc to quit)
i - a ring of wizardry (right hand) Adjust (i)tems, (s)pells, or (a)bilities?
Adjust which item? (? for menu, Esc to quit)
i - a ring of wizardry (right hand) Adjust to which letter? (? for menu, Esc to quit)
W - a ring of wizardry (right hand)
You see here a ration.
c - 3 rations (gained 1)
You see here a scroll labeled COILLU QIKHUT.
i - a scroll labeled COILLU QIKHUT
Found a stone staircase leading down.
An orc comes into view. It is wielding a flail.
You see here 15 arrows.
k - 15 arrows An orc wizard comes into view.
It is wielding a dagger.
The orc shouts!
The orc wizard shouts!
You hear a howl!
Found a scroll labeled ZYCKEI DUED.
An orc priest comes into view. It is wielding a dagger.
The orc misses you.
The orc priest casts a cantrip, but nothing happens.
The orc completely misses you.
The orc wizard hits you but does no damage.
You miss the orc wizard. The orc wizard completely misses you.
The orc misses you.
You barely miss the orc wizard. The orc wizard misses you.
You closely miss the orc wizard. Your bite misses the orc wizard.
The orc hits you but does no damage.
You closely miss the orc wizard.
Okay, then.
You hit the orc priest but do no damage.
The orc priest is poisoned.
Your bite misses the orc priest. The orc closely misses you.
The orc wizard hits you with a dagger. The orc priest closely misses you.
You barely miss the orc priest.
You bite the orc priest, but do no damage.
You hit the orc priest but do no damage.
The orc priest looks as sick as possible!
The orc wizard hits you with a dagger. The orc misses you.
The orc priest hits you with a dagger.
You hit the orc priest but do no damage.
The orc priest looks as sick as possible!
The orc priest is lightly wounded.
The orc wizard hits you with a dagger. The orc priest completely misses you.
The orc closely misses you.
You hit the orc priest but do no damage.
The orc priest looks as sick as possible!
The orc priest is moderately wounded.
You hit the orc priest but do no damage.
The orc priest looks as sick as possible!
You punch the orc priest, but do no damage.
You bite the orc priest, but do no damage.
The orc priest is moderately wounded.
The orc wizard hits you with a dagger. The orc priest hits you with a dagger.
The orc hits you with a flail!
* * * LOW HITPOINT WARNING * * *
The flow of time bends around you.
Cheibriados rebukes the orc priest.
The orc priest seems to slow down.
Cheibriados rebukes the orc.
The orc seems to slow down.
Cheibriados rebukes the orc wizard.
The orc wizard seems to slow down.
You feel slightly less full.
The orc wizard mumbles some strange words.
The orc wizard seems to speed up.
The orc priest invokes the aid of Beogh against you.
Pain shoots through your body!
* * * LOW HITPOINT WARNING * * *
Okay, then.
Unknown command.
Unknown command.
You closely miss the orc priest.
The orc priest is severely wounded.
The orc misses you.
You hit the orc priest.
You kill the orc priest!
Cheibriados appreciates the change of pace.
You have reached level 5!
The orc wizard hits you with a dagger.
* * * LOW HITPOINT WARNING * * *
You hit the orc wizard.
The orc wizard is poisoned.
Your bite misses the orc wizard.
The orc wizard is moderately wounded.
The orc wizard casts a spell at you. The magic dart hits you!
* * * LOW HITPOINT WARNING * * *
You completely miss the orc wizard. You bite the orc wizard.
The orc wizard is moderately wounded.
The orc misses you.
You hit the orc wizard.
The orc wizard is heavily wounded.
The orc wizard closely misses you.
You hit the orc wizard.
The orc wizard is severely wounded.
The orc wizard hits you with a dagger.
* * * LOW HITPOINT WARNING * * *
The orc hits you with a flail!
You die...

#..........#
#..........#
#..........#
#..........#
##.....)..##
##........##
#.........[#
#..........# #
#@o........#
?..###)o........#
#o.>...........#
#####..........#
###......#.#
###......#
..####..# #.##
.... #. .#.


You could see an orc wizard and an orc.

Vanquished Creatures
  A hound (D:4)
  An orc priest (D:5)
  Ijyb (D:5)
  A centaur skeleton (D:4)
  An adder (D:4)
  A dart slug (D:1)
  3 leopard geckos
  A giant cockroach (D:3)
  3 goblins
  A quokka (D:4)
  2 kobolds
  2 rats (D:3)
18 creatures vanquished.

Notes
Turn   | Place    | Note
-------+----------+-------------------------------------------
     0 | D:1      | tidbits the Gnoll Monk began the quest for the Orb.
     0 | D:1      | Reached XP level 1. HP: 23/23 MP: 1/1
    58 | D:1      | Reached XP level 2. HP: 26/29 MP: 2/2
   182 | D:2      | Found an iron altar of Okawaru.
   301 | D:4      | Reached skill level 1 in Invocations
   301 | D:4      | Reached XP level 3. HP: 33/35 MP: 2/4
   344 | D:4      | Found a staircase to the Ecumenical Temple.
   354 | D:4      | Reached skill level 1 in Long Blades
   354 | D:4      | Reached skill level 1 in Axes
   354 | D:4      | Reached skill level 1 in Maces & Flails
   354 | D:4      | Reached skill level 1 in Polearms
   354 | D:4      | Reached skill level 1 in Staves
   354 | D:4      | Reached skill level 1 in Slings
   354 | D:4      | Reached skill level 1 in Bows
   354 | D:4      | Reached skill level 1 in Crossbows
   354 | D:4      | Reached skill level 1 in Throwing
   354 | D:4      | Reached skill level 1 in Armour
   354 | D:4      | Reached skill level 1 in Shields
   354 | D:4      | Reached skill level 1 in Unarmed Combat
   354 | D:4      | Reached skill level 1 in Spellcasting
   354 | D:4      | Reached skill level 1 in Evocations
   368 | D:4      | Reached XP level 4. HP: 24/41 MP: 5/5
   386 | Temple   | Entered the Ecumenical Temple
   399 | Temple   | Became a worshipper of Cheibriados the Contemplative
   399 | Temple   | Reached * piety under Cheibriados
   399 | Temple   | Reached ** piety under Cheibriados
   419 | D:4      | Noticed Quirk's ghost (novice GnFi)
   444 | D:5      | Entered Level 5 of the Dungeon
   445 | D:5      | Noticed Ijyb
   457 | D:5      | Killed Ijyb
   457 | D:5      | Reached skill level 1 in Conjurations
   457 | D:5      | Reached skill level 1 in Hexes
   457 | D:5      | Reached skill level 1 in Charms
   457 | D:5      | Reached skill level 1 in Summonings
   457 | D:5      | Reached skill level 1 in Necromancy
   457 | D:5      | Reached skill level 1 in Translocations
   457 | D:5      | Reached skill level 1 in Transmutations
   457 | D:5      | Reached skill level 1 in Fire Magic
   457 | D:5      | Reached skill level 1 in Ice Magic
   457 | D:5      | Reached skill level 1 in Air Magic
   457 | D:5      | Reached skill level 1 in Earth Magic
   457 | D:5      | Reached skill level 1 in Poison Magic
   501 | D:5      | Reached XP level 5. HP: 12/47 MP: 2/7
   505 | D:5      | HP: 2/47 [orc wizard/dagger (4)]
   505 | D:5      | Slain by an orc

Skill      XL: |  1  2  3  4 |
---------------+-------------+-----
Invocations    | 1 |  1.5
Long Blades    | 1 |  1.4
Axes           | 1 |  1.4
Maces & Flails | 1 |  1.4
Polearms       | 1 |  1.4
Staves         | 1 |  1.4
Slings         | 1 |  1.4
Bows           | 1 |  1.4
Crossbows      | 1 |  1.4
Throwing       | 1 |  1.4
Armour         | 1 |  1.4
Shields        | 1 |  1.4
Unarmed Combat | 1 |  1.4
Spellcasting   | 1 |  1.4
Evocations     | 1 |  1.4
Conjurations   | 1 |  1.1
Hexes          | 1 |  1.1
Charms         | 1 |  1.1
Summonings     | 1 |  1.1
Necromancy     | 1 |  1.1
Translocations | 1 |  1.1
Transmutations | 1 |  1.1
Fire Magic     | 1 |  1.1
Ice Magic      | 1 |  1.1
Air Magic      | 1 |  1.1
Earth Magic    | 1 |  1.1
Poison Magic   | 1 |  1.1
Fighting       | |  6.6
Short Blades   | |  6.6
Dodging        | |  6.6
Stealth        | |  4.3

Action                   |  1- 3 |  4- 6 || total
-------------------------+-------+-------++-------
Melee: Short sword       |    31 |       ||    31
       Bite              |     7 |     3 ||    10
       Dagger            |    30 |    18 ||    48
       Punch             |       |     1 ||     1
Invok: Bend Time         |       |     1 ||     1
  Use: Potion            |     2 |       ||     2
       Scroll            |     2 |       ||     2
 Stab: Sleeping          |     2 |     1 ||     3
  Eat: Ration            |     1 |       ||     1
Armor: Robe              |     4 |     2 ||     6
Dodge: Dodged            |    33 |    14 ||    47

Table legend:
 A = Turns spent in this place as a percentage of turns spent in the entire game.
 B = Non-inter-level travel turns spent in this place as a percentage of non-inter-level travel turns spent in the entire game.
 C = Inter-level travel turns spent in this place as a percentage of turns spent in this place.
 D = Turns resting spent in this place as a percentage of non-inter-level travel turns spent in this place.
 E = Turns spent auto-exploring this place as a percentage of non-inter-level travel turns spent in this place.
 F = Non-inter-level travel turns spent in this place divided by the number of levels of this place that you've seen.
                   A       B       C       D       E      F
               +-------+-------+-------+-------+-------+----------------------
         Total | 100.0 | 100.0 |   0.0 |   0.0 |   0.0 |  84.2
       Dungeon |  94.7 |  94.7 |   0.0 |   0.0 |   0.0 |  95.6
        Temple |   5.3 |   5.3 |   0.0 |   0.0 |   0.0 |  27.0
               +-------+-------+-------+-------+-------+----------------------

Table legend:
 A = Kills in this place as a percentage of kills in entire the game.
 B = Kills by you in this place as a percentage of kills by you in the entire game.
 C = Kills by friends in this place as a percentage of kills by friends in the entire game.
 D = Other kills in this place as a percentage of other kills in the entire game.
 E = Experience gained in this place as a percentage of experience gained in the entire game.
 F = Experience gained in this place divided by the number of levels of this place that you have seen.
                   A       B       C       D       E      F
               +-------+-------+-------+-------+-------+----------------------
         Total | 100.0 | 100.0 |   N/A |   N/A | 100.0 |  34.0
       Dungeon | 100.0 | 100.0 |   N/A |   N/A | 100.0 |  40.8
               +-------+-------+-------+-------+-------+----------------------

Vault maps used:
D:1:      giann_wishing_wells
D:2:      gammafunk_temple_overflow_pools, lemuel_doored_altar,
          lemuel_crystal_altar, first_ration, hangedman_abyss_or_decor_stabs
D:3:      trog_eyes_of_draining, portal_sewer_entry_e
D:4:      temple_pool_b, grunt_decor_fettered, hangedman_decor_push, st_stairs_9
D:5:      serial_shops, shop, uniq_menkaure, uniq_ijyb
Temple:   corrupted_temple
